 Dungeon Crawl Stone Soup version 0.31-a0-145-g046c7d2549 (webtiles) character file.

Game seed: 12854023501916896380

2254 xian the Agent of Entropy (level 9, -6/55 (61) HPs)
             Began as a Demonspawn Enchanter on June 7, 2023.
             Was a Priest of Lugonu.
             Mangled by an orc warrior
             ... wielding the +3 battleaxe of Azxifek {drain, rN+ Str+2 Dex+3}
              (13 damage)
             ... in a bailey.
             The game lasted 00:26:55 (7993 turns).

xian the Agent of Entropy (Demonspawn Enchanter)    Turns: 7993, Time: 00:27:00

HP:   -6/55 (61)    AC: 12    Str: 12    XL:     9   Next: 15%
MP:   7/14          EV: 10    Int: 16    God:    Lugonu [***...]
Gold: 326           SH:  0    Dex: 15    Spells: 7/15 levels left

rFire   . . .        y - +2 dagger (venom)
rCold   . . .        (no shield)
rNeg    . . .        C - +3 scale mail {Will+}
rPois   .            (helmet restricted)
rElec   .            (no cloak)
rCorr   .            (no gloves)
SInv    .            (no boots)
Will    +....        (no amulet)
Stlth   ++           s - ring of wizardry
HPRegen 0.29/turn    (no ring)
MPRegen 0.14/turn

%: wizardry (x1)
@: mighty, marked, drained
A: antennae 2, yellow scales 1, powered by death 1, powered by pain 1
a: Renounce Religion, Depart the Abyss, Banish


You were in a bailey.
You worshipped Lugonu.
Lugonu was most pleased with you.
You visited 1 branch of the dungeon, and saw 7 of its levels.
You also visited: Ossuary and Bailey.

You collected 326 gold pieces.

Inventory:

Hand Weapons
 f - a +0 orcbow
 y - a +2 dagger of venom (weapon)
Missiles
 b - 18 boomerangs
 i - a throwing net
 o - 11 stones (quivered)
 z - 5 curare-tipped darts
Armour
 l - the +0 leather armour of Wu Jian's Envy {rElec rF+}
   (You found it on level 2 of the Dungeon)

   rF:        It protects you from fire.
   rElec:     It insulates you from electricity.
 v - a scarf of invisibility
 x - a +0 kite shield
 C - a +3 scale mail of willpower (worn)
 H - a +1 scale mail of fire resistance
Magical Staves
 d - a staff of cold
Jewellery
 s - a ring of wizardry (left hand)
 I - an amulet of guardian spirit
Wands
 A - a wand of mindburst (17)
Scrolls
 a - 3 scrolls of fog
 e - a scroll of poison {unknown}
 h - 3 scrolls of vulnerability {unknown}
 j - a scroll of summoning
 k - a scroll of silence {unknown}
 r - a scroll of brand weapon
 w - 2 scrolls of teleportation
 F - a scroll of enchant armour {unknown}
Potions
 c - a potion of invisibility
 g - 3 potions of brilliance {unknown}
 m - 3 potions of lignification {unknown}
 p - a potion of cancellation {unknown}
 q - 2 potions of heal wounds {unknown}
 t - 2 potions of magic {unknown}
 u - a potion of attraction {unknown}
 D - 3 potions of enlightenment
 E - 4 potions of degeneration {unknown}
 G - a potion of haste {unknown}


   Skills:
 + Level 2.0 Fighting
 + Level 4.0 Short Blades
 + Level 1.1 Throwing
 * Level 3.8 Armour
 + Level 3.1 Dodging
 + Level 5.5 Stealth
 * Level 2.1 Shields
 + Level 3.5 Spellcasting
 + Level 5.0 Hexes
 + Level 2.2 Ice Magic
 * Level 6.2 Invocations


You had 7 spell levels left.
You knew the following spells:

 Your Spells              Type           Power      Damage    Failure   Level
a - Ensorcelled Hibernat  Hex/Ice        28%        N/A       12%         2
b - Confusing Touch       Hex            18%        N/A       13%         3
c - Tukima's Dance        Hex            18%        N/A       13%         3

Your spell library contained the following spells:

 Spells                   Type           Power      Damage    Failure   Level
 Apportation              Tloc           4%         N/A       32%         1
 Necrotise                Necr           8%         1d4       32%         1
 Summon Small Mammal      Summ           8%         N/A       32%         1
 Dazzling Flash           Conj/Hex       20%        N/A       34%         3
 Poisonous Vapours        Pois/Air       4%         N/A       45%         2
 Hailstorm                Conj/Ice       6%         3d4       52%         3
 Mephitic Cloud           Conj/Pois/Air  2%         N/A       67%         3
 Leda's Liquefaction      Hex/Erth       5%         N/A       73%         4
 Ice Form                 Ice/Tmut       6%         N/A       88%         4
 Freezing Cloud           Conj/Ice/Air   2%         6-21      99%         5
 Lee's Rapid Deconstruct  Erth           1%         3d4*      100%        5
 Leda's Unmaking          Conj/Erth      1%         9d1       100%        6
 Simulacrum               Ice/Necr       3%         N/A       100%        6
 Statue Form              Tmut/Erth      1%         N/A       100%        6


Dungeon Overview and Level Annotations

Branches:
Dungeon (7/15)             Temple (0/1) D:7         Ossuary (visited)
 Bailey (1/1)

Altars:
Dithmenos
Nemelex Xobeh
Ru
Sif Muna
Wu Jian
Lugonu


Innate Abilities, Weirdness & Mutations

You have a pair of antennae on your head.
You are partially covered in yellow scales. (AC +2)
You regenerate a little health from kills.
You sometimes gain a little power by taking damage.


Message History

An orc warrior comes into view. It is wielding a +0 war axe.
The orc warrior pulls the alarm!
The alarm trap emits a blaring wail!
A sentinel's mark forms upon you.
You hear a shout! x2
You hit the orc warrior but do no damage.
The orc warrior hits you with the +3 battleaxe of Azxifek {drain, rN+ Str+2 Dex+3}!
You focus on the pain.
You feel very mighty all of a sudden.
You feel drained.
* * * LOW HITPOINT WARNING * * *
You feel better.
An orc warrior comes into view. It is wielding a +0 war axe.
The orc warrior hits you with the +3 battleaxe of Azxifek {drain, rN+ Str+2 Dex+3}!
* * * LOW HITPOINT WARNING * * *
You feel drained.
You closely miss the orc warrior.
The orc warrior hits you with a +0 war axe.
* * * LOW HITPOINT WARNING * * *
Blink to where?
Press: ? - help, Dir - move target, p - orc warrior
As you read the scroll of blinking, it crumbles to dust.
Casting: Ensorcelled Hibernation (safe; 12% risk of failure)
Confirm with . or Enter, or press ? or * to list all spells.
Aiming: Ensorcelled Hibernation (safe; 12% risk of failure)
Press: ? - help, Shift-Dir - straight line, f - orc warrior
Aim: an orc warrior, wielding the +3 battleaxe of Azxifek {drain, rN+ Str+2 Dex+3} and wearing a +0 plate armour (chance to affect: 48%)
The orc warrior looks drowsy...
The orc warrior misses you.
You barely miss the orc warrior.
The orc warrior hits you with the +3 battleaxe of Azxifek {drain, rN+ Str+2 Dex+3}!
* * * LOW HITPOINT WARNING * * *
You feel drained.
* * * LOW HITPOINT WARNING * * *
You feel better.
The orc warrior hits you with a +0 war axe.
* * * LOW HITPOINT WARNING * * *
The orc warrior hits you but does no damage.
The orc warrior hits you with the +3 battleaxe of Azxifek {drain, rN+ Str+2 Dex+3}!
You die...

.#############
........o@...####
####...oo).†)..##
##g#.....†...##
#.§#....⌠.....# {
#..###...)...##
###'####..'.#..).)###
^.........###......######
####'####..#.....≈≈≈≈≈≈≈≈#
##
#...g...####.≈≈~≈≈≈≈≈≈≈###


You could see 3 orc warriors and a goblin.

Vanquished Creatures
  An orc knight (Bailey)
  A steam dragon (D:7)
  A water moccasin (D:6)
  A sky beast (D:6)
  An ice beast (D:6)
  2 orc warriors (Bailey)
  2 water moccasin zombies (Ossuary)
  4 scorpions
  2 howler monkeys
  5 hounds
  A jelly (D:6)
  4 iguanas (D:5)
  An orc priest (D:3)
  3 orc wizards
  2 mummies (Ossuary)
  6 gnolls
  12 adders
  3 ufetubi
  5 adder zombies (Ossuary)
  3 worms
  A dart slug (D:4)
  17 orcs
  8 ball pythons
  8 endoplasms
  A giant cockroach (D:1)
  6 gnoll zombies (Ossuary)
  11 hobgoblins
  11 jackals
  16 kobolds
  5 quokkas
  6 bats
  2 frilled lizards (D:3)
  10 goblins
  4 hobgoblin zombies (Ossuary)
  5 kobold zombies (Ossuary)
  4 orc zombies (Ossuary)
  4 rats
179 creatures vanquished.

Notes
Turn   | Place    | Note
-------+----------+-------------------------------------------
     0 | D:1      | xian the Demonspawn Enchanter began the quest for the Orb.
     0 | D:1      | Reached XP level 1. HP: 13/13 MP: 3/3
    44 | D:1      | Reached skill level 1 in Short Blades
   149 | D:1      | Gained mutation: You sometimes gain a little power by
                  | taking damage. [demonic ancestry]
   149 | D:1      | Reached XP level 2. HP: 4/19 MP: 5/5
   286 | D:1      | Learned a level 2 spell: Ensorcelled Hibernation
   682 | D:1      | Found a faded altar of an unknown god.
   718 | D:1      | Prayed at the altar of an unknown god.
   718 | D:1      | Became a worshipper of Lugonu the Unformed
   718 | D:1      | Reached * piety under Lugonu
  1089 | D:2      | Identified the +0 leather armour of Wu Jian's Envy {rElec
                  | rF+}
  1114 | D:2      | Gained mutation: You have a pair of small antennae on your
                  | head. [demonic ancestry]
  1114 | D:2      | Reached XP level 3. HP: 16/24 MP: 6/6
  1232 | D:2      | Found a sacrificial altar of Ru.
  1461 | D:2      | Learned a level 3 spell: Confusing Touch
  1672 | D:2      | Reached skill level 1 in Armour
  1672 | D:2      | Reached skill level 1 in Invocations
  1730 | D:2      | Reached XP level 4. HP: 8/30 MP: 0/7
  2154 | D:3      | Reached ** piety under Lugonu
  2556 | D:3      | Reached XP level 5. HP: 33/35 MP: 8/8
  2629 | D:3      | Found a sacrificial altar of Ru.
  2734 | D:3      | Reached skill level 2 in Invocations
  3590 | D:4      | Found an ornate altar of the Wu Jian Council.
  3695 | D:4      | Found a shimmering blue altar of Sif Muna.
  3824 | D:4      | Reached skill level 1 in Ice Magic
  3824 | D:4      | Gained mutation: You are partially covered in yellow
                  | scales. (AC +2) [demonic ancestry]
  3824 | D:4      | Reached XP level 6. HP: 25/42 MP: 6/9
  3970 | D:4      | Found a sparkling altar of Nemelex Xobeh.
  3976 | D:4      | Reached skill level 1 in Fighting
  4037 | D:4      | Reached *** piety under Lugonu
  4717 | D:4      | Found a shadowy altar of Dithmenos.
  4875 | D:5      | Entered Level 5 of the Dungeon
  4930 | D:5      | Learned a level 3 spell: Tukima's Dance
  4985 | D:5      | Reached skill level 3 in Invocations
  4988 | D:5      | Gained mutation: You regenerate a little health from kills.
                  | [demonic ancestry]
  4988 | D:5      | Reached XP level 7. HP: 48/48 MP: 8/11
  5154 | D:5      | Reached skill level 4 in Invocations
  5997 | D:6      | Found a sand-covered staircase.
  6006 | Ossuary  | Entered an ossuary
  6103 | Ossuary  | Gained mutation: You have a pair of antennae on your head.
                  | [demonic ancestry]
  6103 | Ossuary  | Reached XP level 8. HP: 16/54 MP: 12/12
  6304 | Ossuary  | Reached skill level 5 in Stealth
  6372 | Ossuary  | Reached **** piety under Lugonu
  6643 | D:6      | Reached skill level 5 in Invocations
  7532 | D:7      | Reached skill level 1 in Shields
  7532 | D:7      | Reached skill level 5 in Hexes
  7646 | D:7      | Found a flagged portal.
  7667 | Bailey   | Entered a bailey
  7674 | Bailey   | Noticed an orc knight
  7940 | Bailey   | Killed an orc knight
  7941 | Bailey   | Reached skill level 1 in Throwing
  7941 | Bailey   | Reached skill level 6 in Invocations
  7941 | Bailey   | Reached XP level 9. HP: 20/61 MP: 2/14
  7965 | Bailey   | Identified the +3 battleaxe of Azxifek {drain, rN+ Str+2
                  | Dex+3}
  7992 | Bailey   | HP: 2/57 [orc warrior/the +3 battleaxe of Azxifek {drain,
                  | rN+ Str+2 Dex+3} (7)]
  7993 | Bailey   | Mangled by an orc warrior

Illustrated notes

Levels and vault maps discovered:
D:1:      tekkud_arrival_beachfront_property, layout_loops_ring,
          hellmonk_ecumenical_altar_heavens_door, nrook_loot_triangle
D:2:      layout_loops_cross, basic_altar, minmay_fractal_squares_gapless_5
D:3:      layout_loops_ring, nicolae_ru_great_annihilating_truth,
          mainiacjoe_overflow_boulevard, minmay_pentomino_pile
D:4:      layout_loops_corners, lemuel_blue_sif_altar,
          nicolae_wu_jian_glorious_leap, elyvilon_altar_1,
          mainiacjoe_overflow_24_doors, nicolae_dithmenos_through_a_glass_darkly
D:5:      layout_loops_ring
D:6:      layout_layer_cave, enter_ossuary_1, nicolae_nh_ransacked_shop
D:7:      kb_forest_paths, layout_basic, minmay_temple_entry_enclosed_plants,
          enter_bailey_3
Bailey:   bailey_axe_4, bailey

Skill      XL: |  1  2  3  4  5  6  7  8  9 |
---------------+----------------------------+-----
Short Blades   | 1 2 3 4 |  4.0
Dodging        | 2 3 |  3.1
Stealth        | 3 4 5 |  5.5
Armour         | 1 2 3 |  3.8
Invocations    | 1 2 3 4 6 |  6.2
Ice Magic      | 1 2 |  2.2
Fighting       | 1 2 |  2.0
Hexes          | 4 5 |  5.0
Spellcasting   | 3 |  3.5
Shields        | 2 |  2.1
Throwing       | 1 |  1.1

Action                     |  1- 3 |  4- 6 |  7- 9 || total
---------------------------+-------+-------+-------++-------
  Melee: Dagger            |   121 |   215 |   385 ||   721
         Punch             |     2 |     3 |     3 ||     8
  Throw: Stone             |       |    12 |    27 ||    39
   Cast: Ensorcelled Hiber |    11 |    29 |    23 ||    63
         Confusing Touch   |       |     2 |     4 ||     6
 Invoke: Banish            |       |       |     3 ||     3
    Use: Scroll            |     1 |       |     8 ||     9
         Potion            |       |     2 |     4 ||     6
   Stab: Sleeping          |     9 |    26 |    14 ||    49
         Paralysed         |       |     1 |       ||     1
         Confused          |       |     1 |     6 ||     7
         Invisible         |       |       |     2 ||     2
 Armour: Robe              |     6 |       |       ||     6
         Leather armour    |    17 |    56 |    65 ||   138
         Scale mail        |       |       |    53 ||    53
  Dodge: Dodged            |    59 |   119 |   225 ||   403

Table legend: (Time is in decaauts)
 A = Elapsed time spent in this place.
 B = Non-inter-level travel time spent in this place.
 C = Inter-level travel time spent in this place.
 D = Time resting spent in this place.
 E = Time spent auto-exploring this place.
 F = Levels seen in this place.
 G = Mean time per level.
                   A        B        C        D        E       F      G
               +--------+--------+--------+--------+--------+-----+--------+
         Total |   7917 |   7647 |    270 |      0 |   5321 |   9 |  879.7 |
       Dungeon |   7038 |   6768 |    270 |      0 |   4981 |   7 | 1005.4 |
       Ossuary |    559 |    559 |      0 |      0 |    256 |   1 |  559.0 |
        Bailey |    320 |    320 |      0 |      0 |     84 |   1 |  320.0 |
               +--------+--------+--------+--------+--------+-----+--------+

Top non-repeatable levels by time:
     D:4: 1334 daAuts
     D:3: 1295 daAuts
     D:2: 1214 daAuts
     D:6: 1081 daAuts
     D:1: 1009 daAuts
     D:5: 953 daAuts
 Ossuary: 559 daAuts
  Bailey: 320 daAuts
     D:7: 149 daAuts
